 Dungeon Crawl Stone Soup version 0.31-a0-1338-gb567cfdca4 (webtiles) character file.

Game seed: 8682706085268430766

150428 pokeman the Sorcerer (level 16, -6/93 HPs)
             Began as a Deep Elf Hedge Wizard on Dec 20, 2023.
             Was the Champion of Vehumet.
             Killed from afar by a will-o-the-wisp (28 damage)
             ... with a foxfire
             ... on level 4 of the Swamp on Dec 21, 2023.
             The game lasted 01:38:37 (34189 turns).

pokeman the Sorcerer (Deep Elf Hedge Wizard)       Turns: 34189, Time: 01:38:38

Health: -6/93      AC: 17    Str: 10    XL:     16   Next: 98%
Magic:  54/73      EV: 10    Int: 25    God:    Vehumet [******]
Gold:   2254       SH:  7    Dex: 14    Spells: 18/64 levels left

rFire   x . .        r - +9 morningstar of the Screaming Boar {vamp, rF- rC++ MP+9 Str+3}
rCold   + + +        T - +2 buckler {rC+}
rNeg    . . .        W - +0 ring mail "Puihunte" {+Blink Will+ MP+9 Int-3}
rPois   +            f - +1 helmet {SInv}
rElec   .            C - +2 cloak {rPois}
rCorr   .            i - +2 pair of gloves
SInv    +            g - +0 pair of boots
Will    ++...        S - amulet of Vitality {RegenMP++ Regen++}
Stlth   ++           P - ring of flight
HPRegen 1.95/turn    h - ring of magical power
MPRegen 1.23/turn

%: no passive effects
@: flying, studying Maces & Flails
A: no striking features
a: Renounce Religion, Evoke Blink


You were on level 4 of the Swamp.
You worshipped Vehumet.
Vehumet was exalted by your worship.
You visited 5 branches of the dungeon, and saw 27 of its levels.
You also visited: Sewer, Ossuary, Gauntlet, Ice Cave and Volcano.

You collected 2858 gold pieces.
You spent 604 gold pieces at shops.

Inventory:

Hand Weapons
 b - a +2 demon trident of pain
 r - the +9 morningstar of the Screaming Boar (weapon) {vamp, rF- rC++ MP+9 Str+3}
   (You found it on level 5 of the Lair of Beasts)

   Str+3:     It affects your strength (+3).
   rF-:       It makes you vulnerable to fire.
   rC++:      It greatly protects you from cold.
   MP+9:      It affects your magic capacity (+9).
Missiles
 n - 2 throwing nets
 Q - 12 curare-tipped darts
Armour
 f - a +1 helmet of see invisible (worn)
 g - a +0 pair of boots (worn)
 i - a +2 pair of gloves (worn)
 C - a +2 cloak of poison resistance (worn)
 T - a +2 buckler of cold resistance (worn)
 W - the +0 ring mail "Puihunte" (worn) {+Blink Will+ MP+9 Int-3}
   (You found it on level 10 of the Dungeon)

   Int-3:     It affects your intelligence (-3).
   Will+:     It increases your willpower.
   MP+9:      It affects your magic capacity (+9).
   +Blink:    It lets you blink.
Jewellery
 h - a ring of magical power (right hand)
 j - a +6 ring of intelligence
 o - the ring "Fappuf" {rF+ SInv}
   (You found it in a Gauntlet)

   [ring of see invisible]

   rF+:       It protects you from fire.
   SInv:      It lets you see invisible.
 v - a +4 ring of protection
 P - a ring of flight (left hand)
 S - the amulet of Vitality (around neck) {RegenMP++ Regen++}
   (You found it in an ice cave)

   [amulet of magic regeneration]

   RegenMP:   It increases your rate of magic regeneration.
   Regen++:   It increases your rate of health regeneration.
Wands
 c - a wand of paralysis (15)
 l - a wand of flame (24)
 t - a wand of polymorph (5)
 w - a wand of acid (20)
 F - a wand of digging (12)
 G - a wand of roots (14)
Scrolls
 a - a scroll of fog
 k - 9 scrolls of revelation
 p - a scroll of silence
 q - 15 scrolls of teleportation
 x - 5 scrolls of blinking
 y - a scroll of immolation
 K - 3 scrolls of torment
 R - 5 scrolls of enchant weapon
 X - 2 scrolls of acquirement {unknown}
 Y - a scroll of poison {unknown}
Potions
 d - 2 potions of magic
 e - 9 potions of curing
 m - a potion of berserk rage {unknown}
 s - 9 potions of heal wounds
 u - 4 potions of haste
 z - a potion of mutation
 A - 2 potions of cancellation {unknown}
 M - 4 potions of might {unknown}
 N - a potion of resistance {unknown}
Miscellaneous
 J - a lightning rod (4/4)
 U - a phial of floods
 Z - a condenser vane


   Skills:
 - Level 8.0 Fighting
 - Level 8.0 Armour
 - Level 3.0 Dodging
 - Level 3.0 Stealth
 + Level 3.6 Shields
 * Level 24.6 Spellcasting
 + Level 15.7 Conjurations
 - Level 1.1 Summonings
 - Level 3.0 Necromancy
 - Level 1.1 Translocations
 + Level 15.0 Fire Magic
 - Level 1.0 Ice Magic
 - Level 1.0 Air Magic
 - Level 1.0 Earth Magic
 - Level 1.1 Alchemy
 - Level 1.1 Evocations


You had 18 spell levels left.
You knew the following spells:

 Your Spells              Type           Power      Damage    Failure   Level
a - Magic Dart            Conj           100%       1d8       0%          1
b - Mephitic Cloud        Conj/Alch/Air  57%        N/A       1%          3
c - Call Imp              Summ           72%        N/A       3%          2
d - Blink                 Tloc           72%        N/A       3%          2
e - Foxfire               Conj/Fire      100%       2x1d9     0%          1
f - Fireball              Conj/Fire      41%        3d17      1%          5
g - Starburst             Conj/Fire      41%        6d12      1%          6
h - Iskenderun's Mystic   Conj/Tloc      64%        2d13      1%          4
i - Irradiate             Conj/Alch      32%        3d22      1%          5
j - Bombard               Conj/Erth      32%        9d6       4%          6
k - Flame Wave            Conj/Fire      82%        2d18      1%          4
l - Orb of Destruction    Conj           41%        9d11      1%          7

Your spell library contained the following spells:

 Spells                   Type           Power      Damage    Failure   Level
 Searing Ray              Conj           100%       2d8       0%          2
 Kiss of Death            Conj/Necr      100%       2d13      1%          1
 Necrotise                Necr           100%       1d9       1%          1
 Sting                    Conj/Alch      100%       1d9       1%          1
 Momentum Strike          Conj/Tloc      100%       3d10      1%          2
 Static Discharge         Conj/Air       100%       3-8/arc   1%          2
 Sublimation of Blood     Necr           45%        N/A       1%          2
 Dazzling Flash           Conj/Hex       100%       N/A       1%          3
 Inner Flame              Hex/Fire       62%        N/A       1%          3
 Volatile Blastmotes      Fire/Tloc      100%       2d18      1%          3
 Fulminant Prism          Conj/Alch      32%        3d15      1%          4
 Sticky Flame             Fire/Alch      63%        2d11      1%          4
 Apportation              Tloc           72%        N/A       2%          1
 Summon Small Mammal      Summ           100%       N/A       2%          1
 Cigotuvi's Dreadful Rot  Necr/Alch/Air  78%        N/A       2%          2
 Slow                     Hex            100%       N/A       3%          1
 Lesser Beckoning         Tloc           72%        N/A       3%          2
 Plasma Beam              Fire/Air       31%        2x1d44    5%          6
 Airstrike                Air            17%        2d(3-19)  6%          4
 Call Canine Familiar     Summ           36%        N/A       7%          3
 Gell's Gravitas          Tloc           36%        N/A       7%          3
 Teleport Other           Tloc           36%        N/A       7%          3
 Confusing Touch          Hex            30%        N/A       11%         3
 Sigil of Binding         Hex            30%        N/A       11%         3
 Tukima's Dance           Hex            30%        N/A       11%         3
 Dispel Undead            Necr           45%        3d17      11%         4
 Summon Lightning Spire   Summ/Air       36%        N/A       22%         4
 Dimensional Bullseye     Hex/Tloc       16%        N/A       28%         4
 Agony                    Necr           45%        N/A       28%         5
 Summon Forest            Summ/Tloc      18%        N/A       52%         5
 Eringya's Noxious Bog    Alch           18%        4d6       58%         6
 Silence                  Hex/Air        16%        N/A       61%         5
 Summon Mana Viper        Hex/Summ       33%        N/A       61%         5
 Dispersal                Tloc           18%        N/A       98%         6
 Summon Cactus Giant      Summ           18%        N/A       98%         6
 Summon Hydra             Summ           18%        N/A       100%        7
 Maxwell's Capacitive Co  Air            17%        ∞         100%        8


Dungeon Overview and Level Annotations

Branches:
Dungeon (15/15)            Temple (1/1) D:4            Lair (5/5) D:11
  Swamp (4/4) Lair:2        Snake (0/4) Lair:3        Slime (0/5) Lair:4
    Orc (2/2) D:12            Elf (0/3) Orc:2        Vaults (0/5) D:13
 Depths (0/4) D:15          Sewer (visited)         Ossuary (visited)
  IceCv (visited)         Volcano (visited)         Gauntlet (visited)

Altars:
Ashenzari
Cheibriados
Dithmenos
Elyvilon
Fedhas
Gozag
Hepliaklqana
Kikubaaqudgha
Makhleb
Nemelex Xobeh
Okawaru
Qazlal
Ru
Sif Muna
Trog
Uskayaw
Vehumet
Wu Jian
Xom
Yredelemnul
Zin
The Shining One
Jiyva

Shops:
D:2 *   D:14 *   D:15 :   Orc:1 **   Orc:2 **(=

Portals:
Pandemonium: Orc:2


Message History

The bolt of fire hits Bai Suzhen!!
You kill Bai Suzhen!
Vehumet accepts your kill.
You feel your power returning.
The mangrove smoulders and burns.
You smell burning wood.
The mangrove smoulders and burns.
You smell burning wood.
The mangrove smoulders and burns.
A will-o-the-wisp comes into view.
Your Fire Magic skill increases to level 15!
Unknown command.
You are engulfed in a cloud of scalding steam.
The thorn hunter gestures.
Thorny briars emerge from the ground!
The will-o-the-wisp gestures.
The will-o-the-wisp conjures some marshlight!
A foxfire comes into view.
Okay, then.
Unknown command.
You are engulfed in a cloud of scalding steam.
The briar patch is engulfed in a thunderstorm.
The briar patch is destroyed!
The briar patch is engulfed in a thunderstorm.
The briar patch is destroyed!
A foxfire comes into view.
A fenstrider witch comes into view.
You are engulfed in a cloud of scalding steam.
The briar patch is engulfed in a cloud of scalding steam.
The foxfire hits you!! The fire burns you terribly!
* * * LOW HITPOINT WARNING * * *
The foxfire dissipates!
Unknown command.
A swamp worm comes into view.
The briar patch is engulfed in a cloud of scalding steam.
The thorn hunter fires a volley of thorns at you.
The volley of thorns misses you.
The will-o-the-wisp gestures.
The will-o-the-wisp conjures some marshlight! 2 foxfires come into view.
There is a stone staircase leading up here.
The foxfire is engulfed in a thunderstorm.
The foxfire hits you!! The fire burns you terribly!
You die...

♣♣♣♣~...) ♣♣
♣♣~~.~~.~~ ♣~♣
♣~~~PP~...
♣~♣♣♣♣~..PP)~~~
♣☼♣~♣.~~P..~~~
♣♣§♣§~~~fPPP~♣
♣~♣~§~~~PPPP~♣
♣♣♣~~~§~@~.~~~..
♣~~~~~~§v~~..~§.
♣♣♣~§~.~v~~..w.~
♣♣..~†§.~~♣♣♣♣
♣.~~~§~~♣§♣
♣~§§~~§v♣§♣..
♣~♣.~~~~H~♣○~..
♣§♣...~.w~~.♣...
♣~♣♣....~.~~~~~~


You could see a thorn hunter, a fenstrider witch, a tyrant leech, a
will-o-the-wisp and a swamp worm (wandering).

Vanquished Creatures
  Bai Suzhen (Swamp:4)
  Kirke (D:13)
  A thorn hunter (Swamp:3)
  Roxanne (Swamp:1)
  Donald (Orc:2)
  A fenstrider witch (Swamp:3)
  An ironbound preserver (D:13)
  A reaper (Gauntlet)
  A stone giant (Volcano)
  4 eleionomae
  A minotaur (Gauntlet)
  7 bunyips
  Nessos (D:13)
  Josephine (Orc:1)
  Snorg (Orc:1)
  A rakshasa (D:15)
  A great orb of eyes (D:15)
  An entropy weaver (shapeshifter) (D:13)
  7 hydras
  Fannar (Lair:2)
  2 demonspawn (Orc:2)
  3 catoblepae
  5 alligators
  8 boulder beetles
  A death knight (D:15)
  4 centaur warriors
  A spriggan air mage (Swamp:2)
  7 death yaks
  A death scarab (Gauntlet)
  9 two-headed ogres
  3 tengu warriors
  A soul eater (Orc:2)
  Urug (Orc:2)
  5 orc high priests (Orc:2)
  A skyshark (Lair:5)
  A sun demon (Orc:2)
  6 goliath frogs
  A swamp dragon (Swamp:3)
  3 spriggan druids
  4 bog bodies
  An arcanist (D:15)
  5 orc knights
  A phantasmal warrior (D:15)
  7 orc sorcerers
  5 deep elf pyromancers
  6 will-o-the-wisps
  Maurice (D:7)
  10 ugly things
  A moth of wrath (Lair:5)
  A cyclops (shapeshifter) (D:13)
  8 cyclopes
  3 manticores
  8 elephants (Lair:5)
  A black mamba (shapeshifter) (D:15)
  A rust devil (Orc:2)
  8 black mambas
  3 ice statues (IceCv)
  Maggie (D:7)
  7 cane toads
  A kobold demonologist (D:12)
  An efreet (Volcano)
  4 unseen horrors
  4 rime drakes
  13 komodo dragons
  5 gargoyles
  4 yaktaurs (D:15)
  4 freezing wraiths
  10 trolls
  A hellwing (Orc:2)
  5 polar bears
  3 bloated husks
  8 hornets
  8 blink frogs
  7 tyrant leeches
  16 dream sheep (Lair:5)
  16 slime creatures
  2 shadows
  A centaur simulacrum (D:14)
  7 wraiths
  42 yaks
  A vampire (D:12)
  7 basilisks
  18 spriggans
  4 wyverns
  A spriggan (shapeshifter) (D:13)
  A fire bat (shapeshifter) (D:15)
  3 fire elementals
  3 hogs (D:13)
  Grum (D:9)
  A steam dragon (D:8)
  4 wargs
  2 harpy simulacra (IceCv)
  16 swamp worms
  A spectral cane toad (Gauntlet)
  A death yak simulacrum (IceCv)
  10 vampire mosquitoes
  3 nagas (Lair:3)
  15 water moccasins
  2 ice beasts
  A sky beast (D:7)
  4 swamp drakes
  31 orc warriors
  6 black bears
  5 ogres
  5 boggarts (Lair:5)
  8 centaurs
  39 wolves
  A phantom (D:5)
  9 bullfrogs
  A kobold brigand (D:9)
  A gnoll sergeant (D:9)
  A brain worm (Sewer)
  An earth elemental (Volcano)
  3 cane toad simulacra (IceCv)
  5 wights (D:6)
  5 scorpions
  17 killer bees
  An elephant simulacrum (IceCv)
  An electric eel (Lair:3)
  4 howler monkeys
  A lava snake (D:12)
  A centaur zombie (Ossuary)
  2 human zombies (Ossuary)
  4 jellies
  Crazy Yiuf (D:4)
  21 orc priests
  A gnoll bouda (D:5)
  3 hounds (D:5)
  2 sleepcaps (D:7)
  Terence (D:3)
  4 iguanas
  17 orc wizards
  10 hell rats
  A polar bear simulacrum (IceCv)
  2 wolf simulacra (IceCv)
  2 mummies (Ossuary)
  6 gnolls
  9 adders
  2 river rats (Sewer)
  A shadow imp (Gauntlet)
  A white imp (D:6)
  3 ufetubi
  4 adder zombies (Ossuary)
  5 worms
  5 dart slugs
  80 orcs
  6 endoplasms
  8 giant cockroaches
  11 goblins
  14 hobgoblins
  12 jackals
  5 kobolds
  11 quokkas
  9 ball pythons
  10 bats
  8 frilled lizards
  A goblin zombie (Ossuary)
  12 hobgoblin zombies (Ossuary)
  10 kobold zombies (Ossuary)
  6 orc zombies (Ossuary)
  7 rats
  3 rat zombies
  3 butterflies (Lair:1)
910 creatures vanquished.

Vanquished Creatures (collateral kills)
  Grinder (D:3)
  An orc wizard (D:9)
2 creatures vanquished.

Vanquished Creatures (others)
  2 humans (D:13)
  An ufetubus (D:7)
  3 orcs
  235 foxfires
241 creatures vanquished.

Grand Total: 1153 creatures vanquished

Notes
Turn   | Place    | Note
-------+----------+-------------------------------------------
     0 | D:1      | pokeman the Deep Elf Hedge Wizard began the quest for the
                  | Orb.
     0 | D:1      | Reached XP level 1. HP: 10/10 MP: 7/7
   239 | D:1      | Reached XP level 2. HP: 15/15 MP: 7/9
   619 | D:1      | Got Sif Muna's Textbook on Orientation and Transmutation
   745 | D:1      | Reached skill level 5 in Spellcasting
  1035 | D:1      | Reached XP level 3. HP: 18/20 MP: 6/11
  1039 | D:1      | Learned a level 3 spell: Mephitic Cloud
  1042 | D:1      | Learned a level 2 spell: Call Imp
  1045 | D:1      | Learned a level 2 spell: Blink
  1755 | D:1      | Reached skill level 1 in Fighting
  2103 | D:2      | Reached skill level 1 in Armour
  2424 | D:2      | Reached XP level 4. HP: 25/25 MP: 8/13
  2761 | D:2      | Found Guock's Assorted Antiques.
  2777 | D:2      | Bought a murky purple potion for 23 gold pieces
  2777 | D:2      | Bought a scroll labelled LIFOUPAMNUR for 26 gold pieces
  3093 | D:3      | Found a faded altar of an unknown god.
  3093 | D:3      | Noticed a great orb of eyes
  3097 | D:3      | Noticed a shining eye
  3101 | D:3      | Noticed a golden eye
  3101 | D:3      | Noticed a glass eye
  3575 | D:3      | Noticed Terence
  3609 | D:3      | Killed Terence
  3610 | D:3      | Reached skill level 6 in Spellcasting
  3610 | D:3      | Reached XP level 5. HP: 22/29 MP: 8/15
  4024 | D:3      | Noticed Grinder
  4269 | D:3      | Killed Grinder
  4270 | D:3      | Reached skill level 5 in Conjurations
  4270 | D:3      | Reached XP level 6. HP: 33/34 MP: 11/17
  4628 | D:4      | Learned a level 4 spell: Flame Wave
  4633 | D:4      | Found a staircase to the Ecumenical Temple.
  4655 | Temple   | Entered the Ecumenical Temple
  4711 | Temple   | Became a worshipper of Vehumet
  4863 | D:4      | Reached skill level 1 in Fire Magic
  4863 | D:4      | Reached skill level 1 in Air Magic
  4863 | D:4      | Reached skill level 1 in Alchemy
  5343 | D:4      | Found a runed translucent door.
  5344 | D:4      | Noticed Crazy Yiuf
  5384 | D:4      | Killed Crazy Yiuf
  5385 | D:4      | Reached XP level 7. HP: 26/38 MP: 5/18
  5605 | D:5      | Entered Level 5 of the Dungeon
  5625 | D:5      | Reached skill level 7 in Spellcasting
  5738 | D:5      | Reached * piety under Vehumet
  5738 | D:5      | Offered knowledge of Shock by Vehumet.
  5861 | D:5      | Reached skill level 8 in Spellcasting
  5866 | D:5      | Reached XP level 8. HP: 30/44 MP: 19/22
  5951 | D:5      | Found a glowing drain.
  5958 | Sewer    | Entered a sewer
  6179 | Sewer    | Offered knowledge of Sandblast by Vehumet.
  6188 | Sewer    | Reached ** piety under Vehumet
  6498 | Sewer    | Reached skill level 9 in Spellcasting
  7261 | D:6      | Reached skill level 10 in Spellcasting
  7261 | D:6      | Reached XP level 9. HP: 28/50 MP: 9/25
  8138 | D:7      | Reached skill level 5 in Fire Magic
  8172 | D:7      | Offered knowledge of Scorch by Vehumet.
  8339 | D:7      | Reached skill level 11 in Spellcasting
  8510 | D:7      | Noticed Maggie
  8794 | D:7      | Noticed Maurice
  8810 | D:7      | Something stole a +4 quarterstaff of chaos
  8814 | D:7      | Killed Maurice
  9161 | D:7      | Reached skill level 12 in Spellcasting
  9282 | D:8      | Reached *** piety under Vehumet
  9284 | D:8      | Reached XP level 10. HP: 50/56 MP: 22/28
  9320 | D:8      | Found a sand-covered staircase.
  9331 | Ossuary  | Entered an ossuary
  9405 | Ossuary  | Offered knowledge of Ignite Poison by Vehumet.
  9565 | Ossuary  | Reached **** piety under Vehumet
  9767 | D:8      | Offered knowledge of Iskenderun's Mystic Blast by Vehumet.
  9781 | D:8      | Identified the +1 robe of Lust {rPois Stlth+}
  9870 | D:8      | Learned a level 1 spell: Foxfire
  9897 | D:8      | Found a hazy altar of Hepliaklqana.
 10219 | D:9      | Noticed Grum
 10233 | D:9      | Killed Grum
 10234 | D:9      | Reached skill level 1 in Evocations
 10348 | D:9      | Noticed a two-headed ogre
 10358 | D:9      | HP: 1/56 [two-headed ogre/+0 giant spiked club (9)]
 10370 | D:9      | Killed a two-headed ogre
 10371 | D:9      | Reached skill level 13 in Spellcasting
 11135 | D:9      | Identified the +3 leather armour "Putuhed" {Str+6 Int-3}
 11478 | D:9      | Noticed a two-headed ogre
 11492 | D:9      | Killed a two-headed ogre
 11493 | D:9      | Reached skill level 14 in Spellcasting
 11493 | D:9      | Reached XP level 11. HP: 61/61 MP: 24/31
 11647 | D:10     | Entered Level 10 of the Dungeon
 11675 | D:10     | Reached skill level 1 in Ice Magic
 12108 | D:10     | Identified the +0 ring mail "Puihunte" {+Blink Will+ MP+9
                  | Int-3}
 12290 | D:10     | Noticed a two-headed ogre
 12302 | D:10     | Killed a two-headed ogre
 12303 | D:10     | Reached skill level 15 in Spellcasting
 12376 | D:10     | Reached skill level 5 in Fighting
 12603 | D:11     | Found a staircase to the Lair.
 12611 | D:11     | Learned a level 6 spell: Starburst
 12616 | D:11     | Learned a level 4 spell: Iskenderun's Mystic Blast
 12678 | D:11     | Reached skill level 10 in Conjurations
 13133 | D:11     | Noticed a two-headed ogre
 13137 | D:11     | Killed a two-headed ogre
 13449 | D:11     | Noticed a deep elf pyromancer
 13452 | D:11     | Killed a deep elf pyromancer
 14252 | D:12     | Noticed a two-headed ogre
 14256 | D:12     | Killed a two-headed ogre
 14257 | D:12     | Reached skill level 16 in Spellcasting
 14257 | D:12     | Reached XP level 12. HP: 68/68 MP: 23/34
 14555 | D:12     | Reached ***** piety under Vehumet
 14555 | D:12     | Offered knowledge of Irradiate by Vehumet.
 14572 | D:12     | Learned a level 5 spell: Irradiate
 14651 | D:12     | Found a staircase to the Orcish Mines.
 14832 | D:12     | Reached skill level 5 in Armour
 14960 | D:12     | Noticed a two-headed ogre
 14961 | D:12     | Noticed a two-headed ogre
 14973 | D:12     | Killed a two-headed ogre
 14979 | D:12     | Noticed a boulder beetle
 15019 | D:12     | Killed a two-headed ogre
 15475 | D:12     | Reached skill level 17 in Spellcasting
 15536 | D:12     | Identified the +0 robe of Qazlal's Fury {Rampage rElec}
 15920 | D:12     | Killed a boulder beetle
 16049 | D:12     | Reached skill level 10 in Fire Magic
 16632 | D:13     | Noticed Kirke
 16632 | D:13     | Noticed a centaur warrior
 16749 | D:13     | Killed a centaur warrior
 16749 | D:13     | Noticed an entropy weaver
 16757 | D:13     | Killed an entropy weaver
 16867 | D:13     | Killed Kirke
 16869 | D:13     | Noticed a centaur warrior
 17053 | D:13     | Killed a centaur warrior
 17054 | D:13     | Reached skill level 18 in Spellcasting
 17054 | D:13     | Reached XP level 13. HP: 48/72 MP: 37/37
 17186 | D:13     | Noticed Nessos
 17207 | D:13     | Killed Nessos
 18121 | D:13     | Noticed an ironbound preserver
 18284 | D:13     | Killed an ironbound preserver
 18447 | D:13     | Found a gate to the Vaults.
 18603 | D:14     | Found a gate leading to a gauntlet.
 18612 | Gauntlet | Entered a Gauntlet
 18612 | Gauntlet | Found a transporter.
 18612 | Gauntlet | Found a transporter.
 18612 | Gauntlet | Found a transporter.
 18616 | Gauntlet | Found a transporter.
 18616 | Gauntlet | Found a transporter.
 18616 | Gauntlet | Found a transporter.
 18618 | Gauntlet | Found a large runed translucent door.
 18619 | Gauntlet | Found a large runed translucent door.
 18620 | Gauntlet | Found a large runed translucent door.
 18620 | Gauntlet | Found a large runed translucent door.
 18620 | Gauntlet | Found a runed translucent door.
 18620 | Gauntlet | Found a runed translucent door.
 18621 | Gauntlet | Found a large runed translucent door.
 18621 | Gauntlet | Found a large runed translucent door.
 18621 | Gauntlet | Found a large runed translucent door.
 18621 | Gauntlet | Found a large runed translucent door.
 18622 | Gauntlet | Found a large runed translucent door.
 18623 | Gauntlet | Found a large runed translucent door.
 18624 | Gauntlet | Found a large runed translucent door.
 18624 | Gauntlet | Found a large runed translucent door.
 18625 | Gauntlet | Found a large runed translucent door.
 18625 | Gauntlet | Found a large runed translucent door.
 18625 | Gauntlet | Found a large runed translucent door.
 18625 | Gauntlet | Found a large runed translucent door.
 18628 | Gauntlet | Found a runed translucent gate.
 18628 | Gauntlet | Found a runed translucent gate.
 18628 | Gauntlet | Found a runed translucent gate.
 18638 | Gauntlet | Found a transporter.
 18642 | Gauntlet | Found a transporter.
 18661 | Gauntlet | Found a transporter.
 18757 | Gauntlet | Found a transporter.
 18761 | Gauntlet | Found a transporter.
 18771 | Gauntlet | Found a transporter.
 18775 | Gauntlet | Noticed a reaper
 18943 | Gauntlet | Reached skill level 19 in Spellcasting
 19063 | Gauntlet | Identified the +1 cloak of Gorph {Str+5}
 19186 | Gauntlet | Killed a reaper
 19389 | Gauntlet | Identified the ring "Fappuf" {rF+ SInv}
 19451 | Gauntlet | Noticed a minotaur
 19472 | Gauntlet | Killed a minotaur
 19677 | D:14     | Identified the +8 chain mail "Qifiedwe" {rCorr}
 19747 | D:14     | Upgraded the game from 0.31-a0-1321-g5021b54cb2 to
                  | 0.31-a0-1338-gb567cfdca4
 20204 | D:14     | Found Coani's Pet Rocks.
 20357 | D:15     | Entered Level 15 of the Dungeon
 20596 | D:15     | Found a transporter.
 20598 | D:15     | Found a transporter.
 20602 | D:15     | Found a transporter.
 20602 | D:15     | Found a transporter.
 20886 | D:15     | Reached XP level 14. HP: 66/80 MP: 15/39
 21283 | D:15     | Reached skill level 20 in Spellcasting
 21610 | D:15     | Found Qeny's Book Shop.
 22110 | D:15     | Found a staircase to the Depths.
 22299 | D:7      | Killed Maggie
 23203 | Lair:1   | Entered Level 1 of the Lair of Beasts
 23581 | Lair:1   | Offered knowledge of Bombard by Vehumet.
 23592 | Lair:1   | Learned a level 6 spell: Bombard
 24380 | Lair:1   | Reached skill level 1 in Earth Magic
 24579 | Lair:2   | Found a staircase to the Swamp.
 24667 | Lair:2   | Found a dark tunnel.
 24680 | Volcano  | Entered a volcano
 25026 | Volcano  | Noticed a stone giant
 25031 | Volcano  | Killed a stone giant
 25032 | Volcano  | Reached skill level 21 in Spellcasting
 25316 | Lair:2   | Noticed Fannar
 25322 | Lair:2   | Killed Fannar
 26382 | Lair:3   | Identified the +6 battleaxe "Fibbeipn" {elec, rPois}
 26820 | Lair:3   | Found a staircase to the Snake Pit.
 27224 | Lair:4   | Found a frozen archway.
 27236 | IceCv    | Entered an ice cave
 27550 | IceCv    | Found the amulet of Vitality {RegenMP++ Regen++}
 27653 | Lair:4   | Offered knowledge of Yara's Violent Unravelling by Vehumet.
 27667 | Lair:4   | Reached XP level 15. HP: 88/88 MP: 42/42
 28540 | Lair:4   | Found a staircase to the Slime Pits.
 28541 | Lair:4   | Found a viscous altar of Jiyva.
 28852 | Lair:5   | Entered Level 5 of the Lair of Beasts
 28954 | Lair:5   | Reached skill level 22 in Spellcasting
 29277 | Lair:5   | Offered knowledge of Arcjolt by Vehumet.
 29677 | Lair:5   | Identified the +9 morningstar of the Screaming Boar {vamp,
                  | rF- rC++ MP+9 Str+3}
 30366 | Orc:1    | Entered Level 1 of the Orcish Mines
 30405 | Orc:1    | Noticed Josephine
 30414 | Orc:1    | Killed Josephine
 30523 | Orc:2    | Entered Level 2 of the Orcish Mines
 30571 | Orc:2    | Noticed Urug
 30575 | Orc:2    | Killed Urug
 30649 | Orc:2    | Offered knowledge of Fireball by Vehumet.
 30666 | Orc:2    | Reached skill level 23 in Spellcasting
 30682 | Orc:1    | Found Ytudoz's General Store.
 30682 | Orc:1    | Found Totwuomo's Specific Store.
 30692 | Orc:1    | Bought a potion of mutation for 80 gold pieces
 30879 | Orc:1    | Noticed Snorg
 30881 | Orc:1    | Killed Snorg
 31042 | Orc:2    | Learned a level 5 spell: Fireball
 31075 | Orc:2    | Found Kunulag's General Store.
 31081 | Orc:2    | Found Plog's General Store.
 31174 | Orc:2    | Found a staircase to the Elven Halls.
 31222 | Orc:2    | Noticed Donald
 31229 | Orc:2    | Killed Donald
 31349 | Orc:2    | Reached XP level 16. HP: 93/93 MP: 45/45
 31368 | Orc:2    | Reached skill level 1 in Necromancy
 31513 | Orc:2    | Reached skill level 15 in Conjurations
 31542 | Orc:2    | Found Kaps's Jewellery Boutique.
 31542 | Orc:2    | Found Luaderen's Antique Weapon Shop.
 31551 | Orc:2    | Found a one-way gate leading to the halls of Pandemonium.
 31678 | Orc:2    | Bought a +1 helmet of see invisible for 231 gold pieces
 31678 | Orc:2    | Bought a potion of haste for 140 gold pieces
 31692 | Orc:2    | Bought a potion of mutation for 104 gold pieces
 32061 | Swamp:1  | Entered Level 1 of the Swamp
 32553 | Swamp:1  | Reached ****** piety under Vehumet
 32554 | Swamp:1  | Reached skill level 1 in Shields
 32586 | Swamp:1  | Noticed Roxanne
 32834 | Swamp:1  | Killed Roxanne
 32966 | Swamp:2  | Offered knowledge of Orb of Destruction by Vehumet.
 32979 | Swamp:1  | Learned a level 7 spell: Orb of Destruction
 33038 | Swamp:2  | Reached skill level 24 in Spellcasting
 33697 | Swamp:3  | Noticed a thorn hunter
 33706 | Swamp:3  | Killed a thorn hunter
 34176 | Swamp:4  | Entered Level 4 of the Swamp
 34176 | Swamp:4  | Noticed Bai Suzhen
 34182 | Swamp:4  | Noticed a thorn hunter
 34184 | Swamp:4  | Killed Bai Suzhen
 34185 | Swamp:4  | Reached skill level 15 in Fire Magic
 34189 | Swamp:4  | Killed from afar by a will-o-the-wisp

Illustrated notes

Levels and vault maps discovered:
D:1:      dpeg_arrival_castle, layout_loops_corners,
          corexii_hall_statues_deadend, minivault_27,
          ebering_dispersal_statue_hall, dk_noncrumbling_3, hex_medium,
          minmay_statues_item, kennysheep_nondescript
D:2:      layout_rooms, serial_shops, shop, hex_intersection,
          kennysheep_generic_room_5
D:3:      layout_loops_corners, hellmonk_ecumenical_altar_watching_god,
          st_stairs_5, chequers_serial_rivers_small_3,
          nicolae_concentric_dashed_squares_mild, hex_large, uniq_terence,
          uniq_grinder
D:4:      layout_basic, minmay_temple_entry_grid, uniq_crazy_yiuf_cottage
D:5:      layout_basic, gup_sewer_entry_bubbles, minmay_between
D:6:      layout_gridville, chequers_serial_rivers_micro_b
D:7:      layout_cave_pods, chequers_decorated_corner, uniq_maurice, uniq_maggie
D:8:      layout_cave_pools, mainiacjoe_overflow_cross_hatched, enter_ossuary_4,
          due_unseen_surprise
D:9:      minmay_thinvault, layout_loops_corners, reono_crystal_passage,
          uniq_grum
D:10:     layout_long_grid, minmay_lizard_king
D:11:     layout_basic, lair_entry_dummy
D:12:     kennysheep_windowed_halls, layout_rooms, hiddenorc2_lemuel,
          kennysheep_another_room, kennysheep_cluttered_room, chequers_garden
D:13:     layout_rooms, skrybe_vaults_entry_preservation, uniq_nessos,
          uniq_kirke
D:14:     layout_roguey, gauntlet_entry_generic, guppyfry_shop_earth
D:15:     gammafunk_enter_depths_forms, layout_irregular_city, serial_shops,
          shop, nicolae_diode_quadrants
Temple:   mainiacjoe_temple_starburst
Lair:1:   layout_cave_pods, hangedman_lair_generics_rect, serial_bayou_shore_a,
          lemuel_fruit_fields
Lair:2:   layout_roguey, skrybe_swamp_entry_bodies,
          nicolae_volcano_entry_two_sided, uniq_fannar
Lair:3:   layout_gridlike, minmay_snake_entry_guardpost_small,
          grunt_megastairs_1
Lair:4:   layout_regular_city, slime_entry_1, portal_ice_cave_entry_pillars_1
Lair:5:   minmay_lair_end_enchanted_forest, layout_hall_layers, st_stairs_7,
          worms_lemuel
Swamp:1:  layout_basic_swamp, nicolae_swamp_little_swirl, uniq_roxanne
Swamp:2:  layout_basic_swamp, nicolae_swamp_little_tower, swamp_pool_1_2,
          nicolae_swamp_decorative_isthmus, infiniplex_staircase_pool
Swamp:3:  layout_falls_marsh, nicolae_swamp_stair_fork, swamp_pool_4,
          st_swamp_ruins_1
Swamp:4:  swamp_fiery, layout_basic_swamp, swamp_pool_1_2, uniq_bai_suzhen,
          uniq_nikola
Orc:1:    layout_diamond_mine, nicolae_specific_store, uniq_josephine,
          uniq_snorg
Orc:2:    pf_orc_diabolical, layout_caves, basic_altar, uniq_urug, uniq_donald

Skill      XL: |  1  2  3  4  5  6  7  8  9 10 11 12 13 14 15 16 |
---------------+-------------------------------------------------+-----
Spellcasting   | 5 6 8 10 12 14 16 18 19 21 23 24 | 24.6
Fighting       | 1 2 3 4 5 6 8 |  8.0
Conjurations   | 2 5 6 7 8 9 10 11 12 13 14 15 | 15.7
Armour         | 1 2 3 4 6 7 8 |  8.0
Dodging        | 3 |  3.0
Fire Magic     | 1 2 4 6 7 9 10 11 12 13 15 | 15.0
Air Magic      | 1 |  1.0
Alchemy        | 1 |  1.1
Stealth        | 3 |  3.0
Evocations     | 1 |  1.1
Ice Magic      | 1 |  1.0
Earth Magic    | 1 |  1.0
Necromancy     | 3 |  3.0
Shields        | 3 |  3.6
Summonings     | |  1.1
Translocations | |  1.1

Action                     |  1- 3 |  4- 6 |  7- 9 | 10-12 | 13-15 | 16-18 || total
---------------------------+-------+-------+-------+-------+-------+-------++-------
  Melee: Dagger            |    42 |    19 |     6 |     6 |       |       ||    73
         Punch             |       |     2 |       |       |       |       ||     2
         Flail             |       |    35 |       |       |       |       ||    35
         Quarterstaff      |       |       |   114 |   164 |    16 |       ||   294
         Staff             |       |       |       |       |     1 |       ||     1
         Morningstar       |       |       |       |       |    16 |       ||    16
   Cast: Magic Dart        |   132 |   118 |   143 |     9 |     2 |     1 ||   405
         Mephitic Cloud    |       |     3 |    26 |    41 |    23 |       ||    93
         Call Imp          |       |     6 |     2 |     1 |       |       ||     9
         Blink             |       |     2 |     2 |       |       |       ||     4
         Flame Wave        |       |       |    19 |    24 |     2 |       ||    45
         Foxfire           |       |       |       |    76 |    44 |       ||   120
         Starburst         |       |       |       |    92 |   411 |    47 ||   550
         Irradiate         |       |       |       |     5 |    21 |     1 ||    27
         Iskenderun's Myst |       |       |       |       |     7 |       ||     7
         Bombard           |       |       |       |       |    10 |    26 ||    36
         Fireball          |       |       |       |       |    20 |   158 ||   178
  Evoke: Wand              |       |       |       |     1 |     2 |       ||     3
    Use: Scroll            |       |       |       |    11 |     9 |     2 ||    22
         Potion            |       |       |       |       |     1 |       ||     1
   Stab: Confused          |       |     3 |    13 |     5 |     2 |       ||    23
         Sleeping          |       |       |     1 |     1 |       |       ||     2
         Paralysed         |       |       |     1 |     1 |       |       ||     2
         Petrified         |       |       |       |     2 |       |       ||     2
         Held in net/web   |       |       |       |     2 |       |       ||     2
 Armour: Robe              |    37 |    22 |    98 |   156 |       |       ||   313
         Ring mail         |       |       |       |    21 |   217 |    48 ||   286
  Dodge: Dodged            |    47 |    43 |   156 |   225 |   103 |     7 ||   581
         Repelled          |       |       |       |       |     1 |       ||     1
  Block: Other             |       |       |       |     5 |    18 |       ||    23
         Reflection        |       |       |       |     4 |     3 |       ||     7
         Buckler           |       |       |       |       |       |     4 ||     4

Table legend: (Time is in decaauts)
 A = Elapsed time spent in this place.
 B = Non-inter-level travel time spent in this place.
 C = Inter-level travel time spent in this place.
 D = Time resting spent in this place.
 E = Time spent auto-exploring this place.
 F = Levels seen in this place.
 G = Mean time per level.
                   A        B        C        D        E       F      G
               +--------+--------+--------+--------+--------+-----+--------+
         Total |  34600 |  31365 |   3235 |   2183 |  23275 |  32 | 1081.2 |
       Dungeon |  21957 |  19402 |   2555 |   1875 |  14438 |  15 | 1463.8 |
        Temple |    271 |    152 |    119 |      0 |      0 |   1 |  271.0 |
          Lair |   5812 |   5424 |    388 |     32 |   4509 |   5 | 1162.4 |
         Swamp |   2128 |   2067 |     61 |    112 |   1608 |   4 |  532.0 |
  Orcish Mines |   1381 |   1271 |    110 |     15 |    866 |   2 |  690.5 |
         Sewer |    985 |    985 |      0 |      0 |    848 |   1 |  985.0 |
       Ossuary |    325 |    325 |      0 |      0 |    152 |   1 |  325.0 |
      Ice Cave |    380 |    380 |      0 |    146 |     68 |   1 |  380.0 |
       Volcano |    477 |    477 |      0 |      0 |    403 |   1 |  477.0 |
      Gauntlet |    880 |    880 |      0 |      3 |    382 |   1 |  880.0 |
               +--------+--------+--------+--------+--------+-----+--------+

Top non-repeatable levels by time:
    D:12: 2728 daAuts
    D:15: 2036 daAuts
     D:1: 1908 daAuts
    D:11: 1886 daAuts
     D:9: 1662 daAuts
     D:7: 1603 daAuts
    D:13: 1436 daAuts
  Lair:1: 1435 daAuts
     D:3: 1422 daAuts
     D:6: 1349 daAuts
  Lair:3: 1282 daAuts
    D:10: 1252 daAuts
     D:2: 1181 daAuts
     D:4: 1169 daAuts
  Lair:5: 1152 daAuts
